 Dungeon Crawl Stone Soup version 0.29-a0-878-g7b45a56547 (webtiles) character file.

Game seed: 15876218778176361697

124 27snakeeyes612 the Magician (level 4, -1/24 HPs)
             Began as a Deep Elf Air Elementalist on July 20, 2022.
             Slain by Natasha (5 damage)
             ... on level 3 of the Dungeon.
             The game lasted 00:01:52 (2952 turns).

27snakeeyes612 the Magician (DEAE)                  Turns: 2952, Time: 00:01:52

Health: -1/24      AC:  2    Str:  5    XL:     4   Next: 81%
Magic:  1/12       EV: 13    Int: 22    God:
Gold:   187        SH:  0    Dex: 15    Spells: 10/11 levels left

rFire   . . .      SeeInvis .   k - staff of cold
rCold   + . .      Faith    .   (no shield)
rNeg    . . .      Spirit   .   a - +0 robe
rPois   .          Reflect  .   (no helmet)
rElec   .          Harm     .   (no cloak)
rCorr   .          Rampage  .   (no gloves)
Will    .....                   (no boots)
Stlth   ++........              (no amulet)
HPRegen 0.08/turn               (no ring)
MPRegen 0.13/turn               (no ring)

@: slowed, very slow
A: no striking features
a: no special abilities


You were on level 3 of the Dungeon.
You visited 1 branch of the dungeon, and saw 3 of its levels.

You collected 187 gold pieces.

Inventory:

Armour
 a - a +0 robe (worn)
Magical Staves
 k - a staff of cold (weapon)
Scrolls
 e - a scroll of summoning {unknown}
 f - 4 scrolls of teleportation {unknown}
 g - 2 scrolls of fog {unknown}
 j - 2 scrolls of identify {unknown}
 l - 2 scrolls of blinking {unknown}
 n - a scroll of immolation {unknown}
Potions
 b - 3 potions of magic
 c - 4 potions of curing {unknown}
 d - a potion of heal wounds {unknown}
 h - a potion of berserk rage {unknown}
 i - a potion of invisibility {unknown}
 m - a potion of might {unknown}


   Skills:
 + Level 3.5 Dodging
 + Level 3.6 Stealth
 + Level 4.0 Spellcasting
 + Level 2.4 Conjurations
 + Level 3.6 Air Magic


You had 10 spell levels left.
You knew the following spells:

 Your Spells              Type           Power      Damage    Failure   Level
a - Shock                 Conj/Air       68%        1d7       3%          1

Your spell library contained the following spells:

 Spells                   Type           Power      Damage    Failure   Level
 Static Discharge         Conj/Air       17%        3-6/arc   4%          2
 Swiftness                Air            20%        N/A       8%          3
 Airstrike                Air            10%        0-4+      26%         4


Dungeon Overview and Level Annotations

Branches:
Dungeon (3/15)

Altars:

Annotations:
D:3 Natasha


Message History

The shadow imp disappears in a puff of smoke!
The zap misses Natasha.
Natasha claws you.
You hit Natasha.
Natasha is severely wounded.
Natasha casts a spell at you.
You feel as though you will be slow longer.
Natasha barely misses you.
Aiming: Shock (safe; 3% risk of failure)
Press: ? - help, Q - select action Shift-Dir - straight line, f/p - Natasha
Aim: Natasha (severely wounded, unusually resistant, 64% to hit)
The zap hits Natasha.
Natasha resists.
Natasha is severely wounded.
Natasha claws you.
* * * LOW HITPOINT WARNING * * *
You hit Natasha but do no damage.
Natasha is severely wounded.
Natasha closely misses you. x2
Aiming: Shock (safe; 3% risk of failure)
Press: ? - help, Q - select action Shift-Dir - straight line, f/p - Natasha
Aim: Natasha (severely wounded, unusually resistant, 64% to hit)
The zap misses Natasha.
Natasha closely misses you. Natasha misses you.
You closely miss Natasha.
Natasha is severely wounded.
Natasha barely misses you. Natasha closely misses you.
You hit Natasha but do no damage.
Natasha is severely wounded.
Natasha barely misses you.
You barely miss Natasha.
Natasha is severely wounded.
Natasha claws you.
* * * LOW HITPOINT WARNING * * *
Natasha casts a spell.
You miss Natasha.
Natasha is severely wounded.
Natasha completely misses you.
The shadow imp lashes its tail.
Natasha claws you.
You die...

#...... #.... #..... #....
###..... ###...† #.......
........ #......# ........
##......# ......##
.....[..# . ......
........######.... ......##
........5h@....... .......†
........########## ######..
....)...######## #..
...............# #..
...............# #..
...............# #..
..#####........##########..
.. #.................#..
#.................#..


You could see Natasha (resistant) and a shadow imp (summoned).

Vanquished Creatures
  Natasha (D:3)
  4 adders
  A worm (D:3)
  3 dart slugs
  4 orcs (D:3)
  3 ball pythons
  5 bats
  5 endoplasms
  A giant cockroach (D:1)
  4 goblins
  4 hobgoblins
  A jackal (D:3)
  A quokka (D:1)
  4 frilled lizards
  6 kobolds
  2 rats
49 creatures vanquished.

Notes
Turn   | Place    | Note
-------+----------+-------------------------------------------
     0 | D:1      | 27snakeeyes612 the Deep Elf Air Elementalist began the
                  | quest for the Orb.
     0 | D:1      | Reached XP level 1. HP: 10/10 MP: 6/6
   282 | D:1      | Reached XP level 2. HP: 15/15 MP: 6/8
  1282 | D:2      | Reached XP level 3. HP: 19/19 MP: 3/9
  1507 | D:2      | Found a faded altar of an unknown god.
  2371 | D:3      | Reached XP level 4. HP: 24/24 MP: 6/11
  2832 | D:3      | Noticed Natasha
  2839 | D:3      | Killed Natasha
  2840 | D:3      | Reached skill level 4 in Spellcasting
  2928 | D:3      | Noticed Natasha
  2952 | D:3      | Slain by Natasha

Illustrated notes

Levels and vault maps discovered:
D:1:      minmay_arrival_radiant_lines, layout_loops_ring,
          kennysheep_crisscross, serial_park_tiny_2
D:2:      layout_basic, serial_co_window_serial, co_window_of_opportunity_a,
          co_window_paths_b, co_window_paths_a, co_window_of_opportunity_a,
          co_window_corner_a, co_window_of_opportunity_a,
          co_window_of_opportunity_a, co_window_corner_a, co_window_paths_a,
          co_window_of_opportunity_b, co_window_broadway_c,
          co_window_broadway_b, co_window_broadway_a, co_window_4corner_a,
          glass_columns_a, glass_columns_a, glass_columns_a, glass_columns_a,
          shapermc_ecumenical_altar_pompeii
D:3:      layout_basic, nemelex_diamond_rough_becter, uniq_crazy_yiuf_cottage,
          uniq_natasha

Skill      XL: |  1  2  3  4 |
---------------+-------------+-----
Stealth        | 3 |  3.6
Dodging        | 3 |  3.5
Conjurations   | 2 |  2.4
Spellcasting   | 4 |  4.0
Air Magic      | |  3.6

Action                   |  1- 3 |  4- 6 || total
-------------------------+-------+-------++-------
Melee: Staff             |       |    19 ||    19
 Cast: Shock             |    70 |    45 ||   115
Armor: Robe              |     2 |     4 ||     6
Dodge: Dodged            |    13 |    22 ||    35

Table legend: (Time is in decaauts)
 A = Elapsed time spent in this place.
 B = Non-inter-level travel time spent in this place.
 C = Inter-level travel time spent in this place.
 D = Time resting spent in this place.
 E = Time spent auto-exploring this place.
 F = Levels seen in this place.
 G = Mean time per level.
                   A        B        C        D        E       F      G
               +--------+--------+--------+--------+--------+-----+--------+
         Total |   2970 |   2932 |     38 |    270 |   2388 |   3 |  990.0 |
       Dungeon |   2970 |   2932 |     38 |    270 |   2388 |   3 |  990.0 |
               +--------+--------+--------+--------+--------+-----+--------+

Top non-repeatable levels by time:
     D:2: 1294 daAuts
     D:3: 913 daAuts
     D:1: 762 daAuts
